 Dungeon Crawl Stone Soup version 0.29.1-2-gbd0b4ee654 (webtiles) character file.

Game seed: 5721225526338036028

14 JayTehDuck the Sneak (level 2, -3/13 HPs)
             Began as a Spriggan Enchanter on Nov 14, 2022.
             Slain by an orc
             ... wielding a +0 war axe
              (6 damage)
             ... on level 4 of the Dungeon.
             The game lasted 00:04:57 (1191 turns).

JayTehDuck the Sneak (Spriggan Enchanter)           Turns: 1191, Time: 00:04:59

Health: -3/13      AC:  2    Str:  4    XL:     2   Next: 27%
Magic:  1/7        EV: 17    Int: 16    God:
Gold:   33         SH:  0    Dex: 15    Spells: 5/7 levels left

rFire   . . .      SeeInvis +   a - +1 dagger
rCold   . . .      Faith    .   e - orb {mayhem}
rNeg    . . .      Spirit   .   b - +0 robe
rPois   .          Reflect  .   (helmet restricted)
rElec   .          Harm     .   (no cloak)
rCorr   .          Rampage  .   (gloves unavailable)
Will    .....                   (boots unavailable)
Stlth   +++.......              (no amulet)
HPRegen 0.04/turn               (no ring)
MPRegen 0.10/turn               (no ring)

@: very slightly contaminated, very quick
A: very small, no large weapons, unfitting armour, see invisible, speed 3
a: no special abilities


You were on level 4 of the Dungeon.
You visited 1 branch of the dungeon, and saw 3 of its levels.

You collected 33 gold pieces.

Inventory:

Hand Weapons
 a - a +1 dagger (weapon)
Missiles
 i - a throwing net
Armour
 b - a +0 robe (worn)
 e - an orb of mayhem (worn)
Jewellery
 f - an amulet of reflection
Scrolls
 d - a scroll of fear {unknown}
 h - a scroll of poison {unknown}
Potions
 c - 2 potions of invisibility
 g - a potion of flight {unknown}
 j - a potion of resistance {unknown}
 k - a potion of berserk rage {unknown}


   Skills:
 + Level 1.1 Short Blades
 + Level 2.7 Dodging
 + Level 4.5 Stealth
 + Level 3.3 Spellcasting
 + Level 4.0 Hexes


You had 5 spell levels left.
You knew the following spells:

 Your Spells              Type           Power      Damage    Failure   Level
a - Ensorcelled Hibernat  Hex/Ice        18%        N/A       12%         2

Your spell library contained the following spells:

 Spells                   Type           Power      Damage    Failure   Level
 Confusing Touch          Hex            15%        N/A       11%         3
 Tukima's Dance           Hex            15%        N/A       11%         3
 Dazzling Flash           Conj/Hex       18%        N/A       24%         3


Dungeon Overview and Level Annotations

Branches:
Dungeon (4/15)
 Temple: D:4-7

Altars:


Innate Abilities, Weirdness & Mutations

You are very small and have problems with some larger weapons.
You are too small for most types of armour.
You have supernaturally acute eyesight. (SInv)
You cover ground extremely quickly. (Speed+++)


Message History

A sourceless malevolence fills the Dungeon...
You fall into a shaft and drop 2 floors!
The shaft crumbles and collapses.
You hear the sound of rushing water.
There is an entrance to a sewer on this level.
Hurry and find it before the portal rusts away!
Found 13 gold pieces, a viscous silvery potion and a leather armour.
Found a stone staircase leading down.
An orc comes into view. It is wielding a +0 war axe.
An orc comes into view. It is wielding a +3 vorpal hand axe.
Found a stone staircase leading up.
An orc comes into view. It is wielding a +0 war axe.
An orc comes into view. It is wielding a +0 whip.
You see here 13 gold pieces.
A goblin comes into view. It is wielding a +0 dagger.
Found 5 gold pieces.
The goblin shouts!
An iguana comes into view.
The orc shouts!
The iguana hisses angrily.
A kobold comes into view.
It is wielding a +0 whip and quivering poisoned darts.
The goblin misses you.
You barely miss the goblin. The goblin misses you.
Aiming: Ensorcelled Hibernation (safe; 12% risk of failure)
Press: ? - help, Q - select action, (/) - cycle Shift-Dir - straight line, f - orc
Aim: an orc, wielding a +0 war axe and wearing a +0 leather armour (chance to affect: 61%)
You miscast Ensorcelled Hibernation.
You are very lightly contaminated with residual magic.
Nothing appears to happen.
The orc hits you with a +0 war axe. The goblin hits you but does no damage.
Aiming: Ensorcelled Hibernation (safe; 12% risk of failure)
Press: ? - help, Q - select action, (/) - cycle Shift-Dir - straight line, f/p - orc
Aim: an orc, wielding a +0 war axe and wearing a +0 leather armour (chance to affect: 61%)
You miscast Ensorcelled Hibernation.
Nothing appears to happen.
The orc misses you. The goblin hits you with a +0 dagger.
* * * LOW HITPOINT WARNING * * *
Aiming: Ensorcelled Hibernation (safe; 12% risk of failure)
Press: ? - help, Q - select action, (/) - cycle Shift-Dir - straight line, f/p - orc
Aim: an orc, wielding a +0 war axe and wearing a +0 leather armour (chance to affect: 61%)
The orc resists with significant effort.
The orc hits you with a +0 war axe.
You die...

##..............#
#.#.#########.##
#.#.# o# #.#.# .
#...# ##..##
#l..# #g#.# #@#.#
#o#.# #...# #..##
#.## #.# #.# #.#
#.#


You could see an iguana, an orc and a goblin.

Vanquished Creatures
  2 ball pythons (D:1)
  2 bats (D:1)
  A giant cockroach (D:1)
  A hobgoblin (D:1)
  2 kobolds (D:1)
  A goblin (D:2)
  4 rats (D:1)
13 creatures vanquished.

Notes
Turn   | Place    | Note
-------+----------+-------------------------------------------
     0 | D:1      | JayTehDuck the Spriggan Enchanter began the quest for the
                  | Orb.
     0 | D:1      | Reached XP level 1. HP: 9/9 MP: 5/5
   554 | D:1      | Reached XP level 2. HP: 13/13 MP: 7/7
   593 | D:1      | Learned a level 2 spell: Ensorcelled Hibernation
  1143 | D:2      | You fall into a shaft and drop 2 floors!
  1191 | D:4      | Slain by an orc

Illustrated notes

Levels and vault maps discovered:
D:1:      amcnicky_arrival_double_pillar, layout_loops_ring
D:2:      layout_basic, hellmonk_ecumenical_altar_crossroads
D:4:      layout_rooms, gup_sewer_entry_bowl, chequers_avenue

Skill      XL: |  1  2 |
---------------+-------+-----
Spellcasting   | 3 |  3.3
Hexes          | 4 |  4.0
Short Blades   | |  1.1
Dodging        | |  2.7
Stealth        | |  4.5

Action                   || total
-------------------------++-------
Melee: Dagger            ||    55
 Cast: Ensorcelled Hiber ||     5
 Stab: Sleeping          ||     5
Armor: Robe              ||    11
Dodge: Dodged            ||    55
